General information
- name: BNet
- type: Ladder team game (AT/RT)
- host: Battle.net
- saver: WII-U-GONNA-ROC
map: TwilightRuins
- players: 8
- length: 29:26
- speed: Fast
- version: 1.26 W3XP
- replay type: Public
» download(251 KB)
Players
team 1 (winner)

»
Roky.E[Eden] (
purple | 88 APM | 2591 actions | 29:25)
6 Death Knight
3 Death Coil
2 Unholy Aura
1 Animate Dead
5 Lich
3 Frost Nova
2 Frost Armor
4 Pit Lord
2 Howl of Terror
2 Cleaving Attack
» actions
| Assign group hotkey | 37 | |
| Basic commands | 229 | |
| Build / train | 90 | |
| ESC pressed | 1 | |
| Enter build submenu | 23 | |
| Enter hero's abilities submenu | 15 | |
| Give item / drop item | 3 | |
| Remove unit from queue | 1 | |
| Right click | 942 | |
| Select / deselect | 506 | |
| Select group hotkey | 601 | |
| Use ability | 143 | |
2591 total
» units
| Acolyte | 12 | |
| Ghoul | 4 | |
| Crypt Fiend | 13 | |
| Obsidian Statue | 5 | |
| Frost Wyrm | 4 | |
38 total
» upgrades
| Creature Attack | 3 | |
| Burrow | 1 | |
| Creature Carapace | 3 | |
| Web | 1 | |
| Freezing Breath | 1 | |
| Destroyer Form | 1 | |
10 total
» buildings
| Graveyard | 1 | |
| Crypt | 1 | |
| Altar of Darkness | 1 | |
| Ziggurat | 10 | |
| Tomb of Relics | 1 | |
| Nerubian Tower | 2 | |
| Halls of the Dead | 1 | |
| Black Citadel | 1 | |
| Spirit Tower | 4 | |
| Necropolis | 1 | |
| Slaughterhouse | 1 | |
| Sacrificial Pit | 2 | |
| Boneyard | 2 | |
28 total
» build order
00:23 Graveyard
00:24 Crypt
00:47 Altar of Darkness
01:00 Ziggurat
01:42 Tomb of Relics
02:13 Ziggurat
02:43 Nerubian Tower
04:28 Ziggurat
05:00 Halls of the Dead
06:11 Ziggurat
08:00 Black Citadel
08:25 Spirit Tower
12:41 Necropolis
15:23 Slaughterhouse
15:41 Sacrificial Pit
16:07 Ziggurat
16:08 Ziggurat
17:26 Boneyard
17:27 Boneyard
17:46 Spirit Tower
21:54 Spirit Tower
21:57 Ziggurat
21:59 Ziggurat
22:06 Sacrificial Pit
23:17 Nerubian Tower
23:19 Spirit Tower
29:02 Ziggurat
29:03 Ziggurat
» items
| Rod of Necromancy | 2 | |
| Potion of Healing | 4 | |
| Potion of Mana | 1 | |
| Scroll of Regeneration | 1 | |
| Lesser Clarity Potion | 2 | |
| Orb of Corruption | 1 | |
| Scroll of Town Portal | 3 | |
| Scroll of Protection | 1 | |
15 total
MASTA_K1LLA (
blue | 76 APM | 2242 actions | 29:25)
6 Blademaster
3 Wind Walk
3 Critical Strike
» actions
| Basic commands | 337 | |
| Build / train | 78 | |
| ESC pressed | 1 | |
| Enter build submenu | 23 | |
| Enter hero's abilities submenu | 6 | |
| Give item / drop item | 1 | |
| Right click | 1057 | |
| Select / deselect | 514 | |
| Use ability | 225 | |
2242 total
» units
| Peon | 21 | |
| Raider | 22 | |
| Goblin Shredder | 1 | |
44 total
» upgrades
| Melee Weapons | 3 | |
| Armor | 3 | |
| Pillage | 1 | |
| Ensnare | 1 | |
| Reinforced Defenses | 1 | |
9 total
» buildings
| Orc Burrow | 6 | |
| Altar of Storms | 1 | |
| Voodoo Lounge | 1 | |
| War Mill | 1 | |
| Watch Tower | 4 | |
| Stronghold | 1 | |
| Beastiary | 3 | |
| Great Hall | 4 | |
| Fortress | 1 | |
22 total
» build order
00:15 Orc Burrow
00:21 Altar of Storms
00:45 Voodoo Lounge
01:21 War Mill
02:35 Watch Tower
02:52 Stronghold
03:12 Orc Burrow
03:54 Watch Tower
04:10 Orc Burrow
04:21 Watch Tower
05:20 Beastiary
05:24 Beastiary
05:35 Beastiary
06:02 Orc Burrow
08:44 Great Hall
09:54 Orc Burrow
12:05 Fortress
15:31 Watch Tower
16:17 Orc Burrow
18:09 Great Hall
20:08 Great Hall
28:19 Great Hall
» items
| Healing Salve | 5 | |
| Lesser Clarity Potion | 6 | |
| Orb of Lightning | 1 | |
| Scroll of Town Portal | 1 | |
13 total
Micro[xGOD] (
teal | 98 APM | 2878 actions | 29:25)
5 Archmage
3 Summon Water Elemental
2 Brilliance Aura
4 Mountain King
2 Storm Bolt
2 Bash
3 Paladin
2 Holy Light
1 Divine Shield
» actions
| Assign group hotkey | 551 | |
| Build / train | 128 | |
| ESC pressed | 28 | |
| Enter build submenu | 19 | |
| Enter hero's abilities submenu | 12 | |
| Give item / drop item | 3 | |
| Remove unit from queue | 2 | |
| Right click | 900 | |
| Select / deselect | 403 | |
| Select group hotkey | 702 | |
| Use ability | 128 | |
2878 total
» units
| Peasant | 20 | |
| Footman | 4 | |
| Rifleman | 19 | |
| Mortar Team | 13 | |
| Priest | 6 | |
| Sorceress | 5 | |
| Spell Breaker | 3 | |
70 total
» upgrades
| Gunpowder | 3 | |
| Armor | 4 | |
| Lumber Harvesting | 2 | |
| Priest Training | 2 | |
| Flare | 1 | |
| Long Rifles | 1 | |
| Fragmentation Shards | 1 | |
| Sorceress Training | 2 | |
| Control Magic | 1 | |
| Masonry | 1 | |
18 total
» buildings
| Farm | 14 | |
| Altar of Kings | 1 | |
| Barracks | 1 | |
| Lumber Mill | 1 | |
| Blacksmith | 1 | |
| Keep | 1 | |
| Town Hall | 1 | |
| Arcane Vault | 1 | |
| Arcane Sanctum | 1 | |
| Workshop | 1 | |
| Castle | 1 | |
24 total
» build order
00:05 Farm
00:07 Altar of Kings
00:09 Barracks
01:20 Lumber Mill
01:38 Farm
02:00 Blacksmith
03:15 Farm
05:12 Keep
06:45 Town Hall
07:14 Arcane Vault
07:53 Farm
09:48 Farm
09:49 Farm
10:51 Arcane Sanctum
10:54 Workshop
12:19 Castle
12:49 Farm
12:51 Farm
12:52 Farm
12:52 Farm
12:53 Farm
12:53 Farm
15:49 Farm
16:33 Farm
» items
| Scroll of Regeneration | 4 | |
| Scroll of Town Portal | 4 | |
| Potion of Healing | 6 | |
| Potion of Mana | 3 | |
| Orb of Fire | 1 | |
18 total

»
WII-U-GONNA-ROC (
red | 83 APM | 2440 actions | 29:26)
6 Mountain King
3 Storm Bolt
2 Bash
1 Avatar
5 Paladin
3 Holy Light
2 Divine Shield
» actions
| Assign group hotkey | 29 | |
| Basic commands | 2 | |
| Build / train | 95 | |
| Enter build submenu | 19 | |
| Enter hero's abilities submenu | 11 | |
| Give item / drop item | 4 | |
| Remove unit from queue | 1 | |
| Right click | 1095 | |
| Select / deselect | 248 | |
| Select group hotkey | 800 | |
| Use ability | 136 | |
2440 total
» units
| Peasant | 11 | |
| Footman | 6 | |
| Goblin Shredder | 1 | |
| Gryphon Rider | 10 | |
| Goblin Sapper | 1 | |
29 total
» upgrades
| Masonry | 2 | |
| Storm Hammers | 1 | |
| Animal War Training | 1 | |
| Swords | 3 | |
| Armor | 2 | |
9 total
» buildings
| Altar of Kings | 1 | |
| Barracks | 1 | |
| Farm | 9 | |
| Scout Tower | 9 | |
| Arcane Tower | 1 | |
| Arcane Vault | 1 | |
| Keep | 1 | |
| Lumber Mill | 1 | |
| Town Hall | 1 | |
| Guard Tower | 4 | |
| Castle | 1 | |
| Gryphon Aviary | 4 | |
| Blacksmith | 1 | |
35 total
» build order
00:16 Altar of Kings
00:21 Barracks
00:36 Farm
00:52 Farm
01:34 Scout Tower
01:42 Farm
02:03 Arcane Tower
02:19 Arcane Vault
03:18 Farm
03:56 Keep
04:23 Lumber Mill
05:26 Town Hall
05:29 Scout Tower
05:30 Scout Tower
07:07 Guard Tower
07:37 Scout Tower
07:37 Scout Tower
07:38 Scout Tower
07:38 Scout Tower
07:39 Scout Tower
07:39 Scout Tower
08:04 Castle
08:12 Gryphon Aviary
08:15 Guard Tower
09:27 Guard Tower
09:27 Guard Tower
09:35 Gryphon Aviary
09:35 Gryphon Aviary
09:42 Gryphon Aviary
09:47 Blacksmith
09:58 Farm
09:59 Farm
09:59 Farm
10:00 Farm
» items
| Scroll of Regeneration | 10 | |
| Scroll of Town Portal | 7 | |
| Potion of Mana | 2 | |
| Orb of Fire | 1 | |
| Potion of Lesser Invulnerability | 3 | |
| Scroll of Healing | 3 | |
| Staff of Teleportation | 1 | |
| Lesser Clarity Potion | 1 | |
28 total
team 2 (loser)

»
sinso (
yellow | 77 APM | 2246 actions | 29:14)
5 Blademaster
3 Wind Walk
2 Critical Strike
4 Tauren Chieftain
2 Endurance Aura
2 Shockwave
» actions
| Assign group hotkey | 44 | |
| Basic commands | 9 | |
| Build / train | 67 | |
| Enter build submenu | 32 | |
| Enter hero's abilities submenu | 9 | |
| Give item / drop item | 3 | |
| Remove unit from queue | 3 | |
| Right click | 765 | |
| Select / deselect | 474 | |
| Select group hotkey | 735 | |
| Use ability | 105 | |
2246 total
» units
| Peon | 12 | |
| Grunt | 3 | |
| Troll Witch Doctor | 6 | |
| Tauren | 8 | |
| Goblin Shredder | 1 | |
| Makrura Deepseer | 1 | |
| Shaman | 1 | |
32 total
» upgrades
| Melee Weapons | 2 | |
| Armor | 3 | |
| Witch Doctor Training | 2 | |
| Pulverize | 1 | |
| Shaman Training | 2 | |
| Reinforced Defenses | 1 | |
11 total
» buildings
| Orc Burrow | 5 | |
| Altar of Storms | 1 | |
| Barracks | 1 | |
| Voodoo Lounge | 1 | |
| War Mill | 1 | |
| Stronghold | 1 | |
| Watch Tower | 8 | |
| Spirit Lodge | 3 | |
| Fortress | 1 | |
| Tauren Totem | 2 | |
| Great Hall | 3 | |
27 total
» build order
00:17 Orc Burrow
00:19 Altar of Storms
01:01 Barracks
01:47 Orc Burrow
01:59 Voodoo Lounge
02:35 Orc Burrow
03:06 War Mill
03:48 Stronghold
05:25 Watch Tower
06:17 Watch Tower
07:06 Spirit Lodge
07:50 Fortress
08:07 Spirit Lodge
09:52 Watch Tower
10:21 Tauren Totem
10:40 Great Hall
11:28 Tauren Totem
11:49 Orc Burrow
13:29 Orc Burrow
14:57 Watch Tower
14:59 Watch Tower
15:47 Watch Tower
16:04 Spirit Lodge
22:15 Great Hall
27:05 Watch Tower
27:10 Watch Tower
28:09 Great Hall
» items
| Healing Salve | 2 | |
| Scroll of Town Portal | 2 | |
| Circlet of Nobility | 1 | |
| Boots of Speed | 1 | |
| Orb of Lightning | 2 | |
| Potion of Healing | 1 | |
| Potion of Mana | 1 | |
10 total
r00t (
orange | 41 APM | 1212 actions | 29:24)
7 Archmage
3 Summon Water Elemental
3 Brilliance Aura
1 Mass Teleport
6 Mountain King
3 Storm Bolt
2 Bash
1 Avatar
» actions
| Assign group hotkey | 23 | |
| Basic commands | 218 | |
| Build / train | 78 | |
| Enter build submenu | 22 | |
| Enter hero's abilities submenu | 13 | |
| Right click | 260 | |
| Select / deselect | 311 | |
| Select group hotkey | 177 | |
| Use ability | 110 | |
1212 total
» units
| Peasant | 14 | |
| Footman | 4 | |
| Giant Sea Turtle | 1 | |
| Priest | 4 | |
| Spell Breaker | 3 | |
| Sorceress | 11 | |
| Siege Engine | 2 | |
39 total
» upgrades
| Plating | 2 | |
| Masonry | 1 | |
| Swords | 1 | |
| Sorceress Training | 2 | |
| Priest Training | 2 | |
| Magic Sentry | 1 | |
| Animal War Training | 1 | |
| Barrage | 1 | |
11 total
» buildings
| Barracks | 1 | |
| Altar of Kings | 1 | |
| Farm | 10 | |
| Scout Tower | 3 | |
| Arcane Tower | 1 | |
| Blacksmith | 1 | |
| Arcane Vault | 1 | |
| Lumber Mill | 1 | |
| Keep | 2 | |
| Arcane Sanctum | 2 | |
| Town Hall | 2 | |
| Castle | 5 | |
| Guard Tower | 1 | |
| Workshop | 1 | |
32 total
» build order
00:10 Barracks
00:12 Altar of Kings
00:21 Farm
00:22 Farm
00:23 Farm
00:25 Farm
00:25 Farm
01:51 Scout Tower
02:23 Arcane Tower
02:38 Blacksmith
03:18 Arcane Vault
03:26 Lumber Mill
04:45 Keep
06:53 Farm
06:55 Farm
06:59 Farm
07:22 Arcane Sanctum
07:26 Arcane Sanctum
08:41 Town Hall
09:52 Castle
12:18 Town Hall
15:21 Scout Tower
15:22 Scout Tower
16:05 Guard Tower
16:10 Keep
19:06 Castle
19:06 Castle
19:06 Castle
25:38 Farm
25:38 Farm
26:29 Workshop
» items
| Scroll of Regeneration | 1 | |
| Scroll of Town Portal | 2 | |
| Potion of Lesser Invulnerability | 1 | |
4 total
HeWWo (
pink | 54 APM | 1470 actions | 27:15)
5 Demon Hunter
3 Mana Burn
2 Evasion
» actions
| Assign group hotkey | 95 | |
| Basic commands | 1 | |
| Build / train | 80 | |
| Enter build submenu | 29 | |
| Enter hero's abilities submenu | 5 | |
| Right click | 440 | |
| Select / deselect | 467 | |
| Select group hotkey | 284 | |
| Use ability | 68 | |
1470 total
» units
| Wisp | 31 | |
| Huntress | 6 | |
| Archer | 13 | |
| Hippogryph | 15 | |
65 total
» upgrades
| Strength of the Moon | 2 | |
| Moon Armor | 2 | |
| Hippogryph Taming | 1 | |
5 total
» buildings
| Moon Well | 13 | |
| Altar of Elders | 2 | |
| Hunter's Hall | 2 | |
| Ancient of War | 4 | |
| Tree of Ages | 2 | |
| Tree of Life | 1 | |
| Ancient of Wind | 4 | |
28 total
» build order
00:10 Moon Well
00:18 Altar of Elders
01:25 Hunter's Hall
01:44 Moon Well
02:14 Ancient of War
02:19 Ancient of War
02:41 Moon Well
04:59 Tree of Ages
05:47 Moon Well
05:59 Tree of Life
07:42 Ancient of Wind
07:45 Ancient of Wind
09:35 Moon Well
10:11 Moon Well
15:32 Altar of Elders
15:38 Ancient of War
15:57 Hunter's Hall
16:46 Tree of Ages
17:21 Moon Well
18:13 Ancient of War
19:24 Ancient of Wind
19:29 Ancient of Wind
22:10 Moon Well
22:16 Moon Well
22:37 Moon Well
22:41 Moon Well
23:07 Moon Well
26:05 Moon Well
» items
| Scroll of Protection | 1 | |
| Scroll of Town Portal | 1 | |
2 total
Neil (
green | 44 APM | 1287 actions | 29:11)
6 Far Seer
3 Feral Spirit
1 Far Sight
1 Chain Lighting
1 Earth Quake
» actions
| Assign group hotkey | 27 | |
| Build / train | 68 | |
| Enter build submenu | 22 | |
| Enter hero's abilities submenu | 6 | |
| Give item / drop item | 3 | |
| Right click | 465 | |
| Select / deselect | 409 | |
| Select group hotkey | 205 | |
| Use ability | 82 | |
1287 total
» units
| Peon | 9 | |
| Grunt | 2 | |
| Troll Headhunter/Berserker | 10 | |
| Wind Rider | 10 | |
| Troll Witch Doctor | 5 | |
| Tauren | 3 | |
| Goblin Shredder | 1 | |
40 total
» upgrades
| Armor | 2 | |
| Ranged Weapons | 1 | |
| Melee Weapons | 1 | |
| Troll Regeneration | 1 | |
| Berserker Upgrade | 1 | |
| Envenomed Spears | 1 | |
| Reinforced Defenses | 1 | |
| Witch Doctor Training | 2 | |
| Spiked Barricades | 1 | |
| Pulverize | 1 | |
12 total
» buildings
| Altar of Storms | 1 | |
| Orc Burrow | 6 | |
| War Mill | 2 | |
| Barracks | 1 | |
| Voodoo Lounge | 1 | |
| Stronghold | 1 | |
| Watch Tower | 5 | |
| Fortress | 1 | |
| Beastiary | 2 | |
| Spirit Lodge | 1 | |
| Tauren Totem | 1 | |
| Great Hall | 1 | |
23 total
» build order
00:03 Altar of Storms
00:05 Orc Burrow
01:28 Orc Burrow
01:47 War Mill
02:27 Barracks
02:32 Voodoo Lounge
04:09 Orc Burrow
04:46 Stronghold
05:45 Orc Burrow
07:07 Watch Tower
07:13 Watch Tower
07:54 Fortress
08:00 Beastiary
08:04 Beastiary
09:08 Watch Tower
09:15 War Mill
09:39 Watch Tower
09:55 Orc Burrow
11:06 Spirit Lodge
14:14 Tauren Totem
14:59 Watch Tower
17:22 Orc Burrow
22:29 Great Hall
» items
| Healing Salve | 1 | |
| Scroll of Speed | 1 | |
| Circlet of Nobility | 1 | |
| Ankh of Reincarnation | 1 | |
| Scroll of Town Portal | 1 | |
| Lesser Clarity Potion | 1 | |
6 total
Chat log
(00:06 / Allies) WII-U-GONNA-ROC: sup dawgs
(00:09 / Allies) MASTA_K1LLA: aye
(00:10 / Allies) Roky.E[Eden]: yo
(00:14 / Allies) Micro[xGOD]: lol rocky
(00:17 / Allies) Micro[xGOD]: remember me?
(00:24 / Allies) Micro[xGOD]: from eden
(00:25 / Allies) Roky.E[Eden]: ofc
(00:25 / Allies) MASTA_K1LLA: im gona raider
(00:43 / Allies) Roky.E[Eden]: i'm probably just straight fiends
(00:44 / Allies) Roky.E[Eden]: and harass
(00:46 / Allies) WII-U-GONNA-ROC: rocky i saw a game of u the other day
(00:48 / Allies) WII-U-GONNA-ROC: rita dc'd
(00:49 / Allies) WII-U-GONNA-ROC: vs lsx-
(00:52 / Allies) Roky.E[Eden]: oh yeah
(00:55 / Allies) Roky.E[Eden]: and all of those kids
(00:57 / Allies) Roky.E[Eden]: that was an epic game
(00:59 / Allies) WII-U-GONNA-ROC: on deadlock
(01:07 / Allies) Roky.E[Eden]: you enjoy?
(01:11 / Allies) WII-U-GONNA-ROC: not a bad game
(01:21 / Allies) Roky.E[Eden]: honestly don't know how we pulled that one out of our asses
(01:27 / Allies) Roky.E[Eden]: those were like the 4 best playes
(01:30 / Allies) Roky.E[Eden]: to match
(01:52 / Allies) WII-U-GONNA-ROC: i dont know either i know pink sucked that game and green didnt have shit
(02:09 / Allies) Roky.E[Eden]: were they on my team?
(02:12 / Allies) WII-U-GONNA-ROC: other
(02:22 / Allies) Roky.E[Eden]: they all had filthy records
(02:26 / Allies) Roky.E[Eden]: so i was shocked
(02:29 / Allies) Roky.E[Eden]: who ever massed hh
(02:33 / Allies) Roky.E[Eden]: i single handedly raped
(02:36 / Allies) Roky.E[Eden]: with my fs/tc rofl
(02:40 / Allies) Roky.E[Eden]: he was dumb
(03:12 / Allies) WII-U-GONNA-ROC: 4v4 needs more better games these days
(03:19 / All) Roky.E[Eden]: word
(03:46 / Allies) WII-U-GONNA-ROC: lets harass expos easy on this map in 3 min
(04:57 / Allies) Micro[xGOD]: why not go the one close to you ... dammit red
(05:00 / Allies) WII-U-GONNA-ROC: im taking teals natural lolz
(05:10 / Allies) Roky.E[Eden]: lol
(05:13 / Allies) Roky.E[Eden]: :OO
(05:26 / Allies) Micro[xGOD]: such a fag
(05:48 / Allies) WII-U-GONNA-ROC: careful now, u dont want to upset the walrus
(06:01 / Allies) Micro[xGOD]: or what i get a loss on my acct lol
(06:36 / Allies) WII-U-GONNA-ROC: lets harass expos now folks
(06:47 / Allies) Roky.E[Eden]: just jacked yellow
(06:50 / Allies) Roky.E[Eden]: and scouted other
(06:53 / Allies) Micro[xGOD]: i need lumb
(07:42 / Allies) MASTA_K1LLA: lol
(08:02 / Allies) Micro[xGOD]: i need lumb bad lol
(08:26 / Allies) WII-U-GONNA-ROC: help him teal
(08:46 / Allies) Micro[xGOD]: goin
(09:42 / Allies) Roky.E[Eden]: ty
(10:14 / Allies) Roky.E[Eden]: hit soon?
(10:23 / Allies) WII-U-GONNA-ROC: i say just expos but yes
(10:38 / Allies) WII-U-GONNA-ROC: meet mid
(11:05 / Allies) Micro[xGOD]: who needs goldl
(11:06 / Allies) Roky.E[Eden]: getting
(11:06 / Allies) Micro[xGOD]: for lumb
(11:07 / Allies) Roky.E[Eden]: 3rd
(11:10 / Allies) Roky.E[Eden]: hero
(11:11 / Allies) Roky.E[Eden]: then i'm ready
(11:45 / Allies) Micro[xGOD]: tomb
(11:52 / Allies) Micro[xGOD]: tome*
(12:00 / Allies) MASTA_K1LLA: help
(12:03 / Allies) Roky.E[Eden]: coming
(12:14 / Allies) Roky.E[Eden]: hunts and hippos
(12:15 / Allies) Roky.E[Eden]: what an idiot
(12:32 / Allies) WII-U-GONNA-ROC: expos
(12:34 / Allies) Roky.E[Eden]: ya
(12:35 / Allies) MASTA_K1LLA: i took out main
(12:50 / Allies) Roky.E[Eden]: lumber?
(13:07 / Allies) Roky.E[Eden]: ty
(14:45 / Allies) Roky.E[Eden]: holy fuck
(15:27 / Allies) Micro[xGOD]: finalyl
(15:28 / Allies) WII-U-GONNA-ROC: we only had real 2 armies lolz
(15:34 / Allies) Roky.E[Eden]: we're good
(15:36 / Allies) Roky.E[Eden]: we'll win
(15:52 / Allies) Roky.E[Eden]: leave it
(15:53 / Allies) Roky.E[Eden]: sry
(15:55 / Allies) Roky.E[Eden]: we're not ready
(16:09 / Allies) Micro[xGOD]: im pumping like crazy
(16:28 / Allies) Roky.E[Eden]: blue
(16:30 / Allies) Roky.E[Eden]: get the fuck back
(16:32 / Allies) Roky.E[Eden]: what the fuck
(16:33 / Allies) Roky.E[Eden]: are you doing
(16:34 / Allies) Roky.E[Eden]: BACK
(16:50 / Allies) Roky.E[Eden]: wow
(16:53 / Allies) Roky.E[Eden]: he forced a tp
(16:53 / Allies) Roky.E[Eden]: gj
(17:15 / Allies) WII-U-GONNA-ROC: expos again
(17:21 / Allies) Micro[xGOD]: lets meet
(17:51 / Allies) Micro[xGOD]: wjere meet?
(18:05 / Allies) Micro[xGOD]: lets hit left side of map
(18:13 / Allies) WII-U-GONNA-ROC: those sorc gonna mess is up
(18:44 / Allies) WII-U-GONNA-ROC: yellows burrows
(18:54 / Allies) WII-U-GONNA-ROC: dispel his slow teal
(19:08 / Allies) Roky.E[Eden]: he's towered up
(19:09 / Allies) Roky.E[Eden]: u srue?
(19:19 / Allies) Roky.E[Eden]: next
(19:19 / Allies) Micro[xGOD]: ive got vannone
(19:28 / Allies) Roky.E[Eden]: vannone?
(19:31 / Allies) Micro[xGOD]: cnanon
(19:45 / Allies) WII-U-GONNA-ROC: thought he said volcanoe
(19:52 / Allies) Roky.E[Eden]: i had no clue
(19:53 / Allies) Roky.E[Eden]: what he said
(19:54 / Allies) Roky.E[Eden]: lol
(19:56 / Allies) Micro[xGOD]: lol
(20:03 / Allies) WII-U-GONNA-ROC: green is near
(21:16 / Allies) WII-U-GONNA-ROC: they have no expos we can still win
(21:27 / Allies) Roky.E[Eden]: exactly
(21:29 / Allies) Roky.E[Eden]: i'm pumping all frost
(21:32 / Allies) WII-U-GONNA-ROC: teal u have to dispel tha tshit
(21:32 / Allies) Roky.E[Eden]: WHERE THE FUCK
(21:34 / Allies) Roky.E[Eden]: WAS MY PITLROD
(21:41 / Allies) WII-U-GONNA-ROC: i saw it it wsa by trees
(21:42 / Allies) Roky.E[Eden]: lumber
(21:43 / Allies) Roky.E[Eden]: plz
(21:55 / Allies) Roky.E[Eden]: ty
(22:10 / Allies) WII-U-GONNA-ROC: oh blue took out pink
(22:16 / Allies) WII-U-GONNA-ROC: oj is bigges tthreat by far
(22:17 / Allies) Micro[xGOD]: mhm
(22:18 / Allies) Roky.E[Eden]: lol nice
(22:19 / Allies) MASTA_K1LLA: like 10 mins ago lol
(22:24 / Allies) WII-U-GONNA-ROC: i could have taken out yellows tauren if it wasnt for oj
(22:30 / Allies) Roky.E[Eden]: go?
(23:18 / Allies) WII-U-GONNA-ROC: i didnt even se eoj
(23:43 / Allies) Micro[xGOD]: where should we meet
(23:59 / Allies) Roky.E[Eden]: getting destros
(24:00 / Allies) Roky.E[Eden]: for dispel
(24:06 / Allies) Roky.E[Eden]: this woulda been a pleasnt game
(24:07 / Allies) Roky.E[Eden]: for
(24:09 / Allies) Roky.E[Eden]: ranger
(24:16 / Allies) Micro[xGOD]: im ready
(24:18 / Allies) Micro[xGOD]: where we goin
(24:38 / All) Roky.E[Eden]: OUCH
(24:40 / Allies) MASTA_K1LLA: ffs
(24:42 / Allies) WII-U-GONNA-ROC: tp blues?
(24:49 / Allies) Roky.E[Eden]: dead...
(24:50 / Allies) Roky.E[Eden]: fuck
(24:58 / Allies) WII-U-GONNA-ROC: teals army would rape
(24:59 / Allies) WII-U-GONNA-ROC: lolz
(25:06 / Allies) Roky.E[Eden]: lest go
(25:07 / Allies) Micro[xGOD]: im waiting to hit..
(25:12 / Allies) Roky.E[Eden]: meet
(25:58 / Allies) Roky.E[Eden]: oh no
(25:59 / Allies) Roky.E[Eden]: no gold for them
(26:00 / Allies) Roky.E[Eden]: xD
(26:34 / Allies) WII-U-GONNA-ROC: behind
(27:27 / Allies) Roky.E[Eden]: easy game
(27:33 / Allies) Micro[xGOD]: your welcome..
(27:34 / Allies) Roky.E[Eden]: attack
(27:36 / All) WII-U-GONNA-ROC: god oj
(27:37 / Allies) Roky.E[Eden]: with woekre
(27:38 / All) WII-U-GONNA-ROC: u were good this game
(27:47 / All) MASTA_K1LLA: lol fucking bull shit
(27:55 / All) MASTA_K1LLA: wind walked 30 secs b4 u killed me
(27:58 / All) MASTA_K1LLA: fucking delay
(28:07 / All) Roky.E[Eden]: sentry wards
(28:10 / Allies) MASTA_K1LLA: can i get some gold
(28:11 / All) Roky.E[Eden]: woudldn't matter
(28:13 / Allies) Roky.E[Eden]: oh
(28:15 / Allies) Roky.E[Eden]: lol that was u
(28:16 / All) MASTA_K1LLA: i couldnt wind walk
(28:24 / All) MASTA_K1LLA: kepts pressing it
(28:28 / Allies) WII-U-GONNA-ROC: mk
(28:35 / Allies) Micro[xGOD]: all tp
(28:37 / Allies) WII-U-GONNA-ROC: TP
(28:43 / Allies) MASTA_K1LLA: 20 gold?
(28:55 / Allies) MASTA_K1LLA: 20 gold
(28:56 / Allies) MASTA_K1LLA: please
(29:09 / Allies) MASTA_K1LLA: ty
(29:17 / Allies) MASTA_K1LLA: gj team
(29:18 / All) Roky.E[Eden]: Gg
(29:19 / All) WII-U-GONNA-ROC: joinc lan s4s
(29:20 / Allies) Roky.E[Eden]: gj
(29:21 / All) WII-U-GONNA-ROC: CLAN S4S
(29:22 / Allies) Roky.E[Eden]: red clan eden
(29:23 / Allies) Roky.E[Eden]: oh
(29:24 / Allies) Roky.E[Eden]: nvm lol